 Dungeon Crawl Stone Soup version 0.31-a0-236-g9a0961fb85 (webtiles) character file.

Game seed: 9814496112125548678

16620 pokeman the Eclecticist (level 12, -10/70 HPs)
             Began as a Deep Elf Hedge Wizard on July 10, 2023.
             Was a Follower of Vehumet.
             Killed by divine providence
             ... invoked by an orc priest
              (12 damage)
             ... on level 12 of the Dungeon.
             The game lasted 00:28:40 (11381 turns).

pokeman the Eclecticist (Deep Elf Hedge Wizard)    Turns: 11381, Time: 00:28:41

Health: -10/70     AC: 12    Str:  9    XL:     12   Next: 11%
Magic:  0/34       EV: 12    Int: 31    God:    Vehumet [*.....]
Gold:   682        SH:  0    Dex: 14    Spells: 29/44 levels left

rFire   . . .        c - +9 long sword of World's End {freeze, rPois Will- Str+2 SInv}
rCold   + . .        (no shield)
rNeg    . . .        v - +3 leather armour {rC+}
rPois   +            r - +2 hat of the Bear Spirit {Spirit, Bear, *Rage Will++}
rElec   .            (no cloak)
rCorr   .            (no gloves)
SInv    +            (no boots)
Will    ++...        e - amulet of magic regeneration
Stlth   ++           b - +6 ring of intelligence
HPRegen 0.31/turn    o - +4 ring of protection
MPRegen 0.64/turn

%: random rage (20%), guardian spirit
@: about to teleport
A: no striking features
a: Renounce Religion


You were on level 12 of the Dungeon.
You worshipped Vehumet.
Vehumet was aware of your devotion.
You visited 2 branches of the dungeon, and saw 13 of its levels.
You also visited: Sewer and Bailey.

You collected 802 gold pieces.
You spent 120 gold pieces at shops.

Inventory:

Hand Weapons
 c - the +9 long sword of World's End (weapon) {freeze, rPois Will- Str+2 SInv}
   (You found it on level 3 of the Dungeon)

   Str:       It affects your strength (+2).
   rPois:     It protects you from poison.
   SInv:      It lets you see invisible.
   Will:      It decreases your willpower.
Missiles
 i - 8 throwing nets
 x - 3 curare-tipped darts
Armour
 r - the +2 hat of the Bear Spirit (worn) {Spirit, Bear, *Rage Will++}
   (You found it in a sewer)

   Bear:      Going berserk makes the wearer exceptionally tough, and they are
   slowed for a shorter time afterward.
   *Rage:     It berserks you when you make melee attacks (+20% chance).
   Will:      It greatly increases your willpower.
 v - a +3 leather armour of cold resistance (worn)
 P - a +0 kite shield
Magical Staves
 y - a staff of earth
 Q - a staff of poison
Jewellery
 b - a +6 ring of intelligence (left hand)
 e - an amulet of magic regeneration (around neck)
 m - a ring of resist corrosion
 o - a +4 ring of protection (right hand)
 G - an amulet of faith
 H - a +5 ring of evasion
 J - a ring of positive energy
 T - a ring of ice
Wands
 s - a wand of roots (23)
 C - a wand of digging (7)
 D - a wand of mindburst (6)
 E - a wand of acid (12)
 K - a wand of paralysis (7)
 L - a wand of polymorph (14)
Scrolls
 g - 6 scrolls of teleportation
 j - a scroll of noise {unknown}
 k - 7 scrolls of amnesia {unknown}
 l - a scroll of revelation {unknown}
 n - 4 scrolls of fog {unknown}
 q - 9 scrolls of identify {unknown}
 w - a scroll of poison {unknown}
 z - a scroll of silence {unknown}
 A - 2 scrolls of immolation {unknown}
 M - a scroll of enchant weapon {unknown}
 V - a scroll of blinking {unknown}
Potions
 a - 2 potions of enlightenment {unknown}
 d - 3 potions of magic
 f - 8 potions of heal wounds
 h - 2 potions of invisibility {unknown}
 p - 4 potions of might {unknown}
 t - 2 potions of resistance {unknown}
 u - 4 potions of brilliance
 B - 2 potions of curing
 F - a potion of degeneration {unknown}
 I - a potion of ambrosia {unknown}
 O - 3 potions of mutation {unknown}
 R - a potion of cancellation {unknown}
 S - a potion of berserk rage {unknown}
 U - a potion of haste {unknown}
Miscellaneous
 N - a phantom mirror


   Skills:
 - Level 6.0 Fighting
 + Level 4.7 Armour
 - Level 3.1 Dodging
 - Level 3.2 Stealth
 * Level 16.5 Spellcasting
 + Level 9.7 Conjurations
 - Level 1.1 Summonings
 - Level 1.1 Translocations
 - Level 1.0 Air Magic
 + Level 8.9 Earth Magic
 - Level 1.0 Poison Magic
 - Level 1.0 Evocations


You had 29 spell levels left.
You knew the following spells:

 Your Spells              Type           Power      Damage    Failure   Level
a - Magic Dart            Conj           100%       1d8       1%          1
b - Mephitic Cloud        Conj/Pois/Air  50%        N/A       1%          3
c - Call Imp              Summ           64%        N/A       2%          2
d - Blink                 Tloc           64%        N/A       2%          2
e - Foxfire               Conj/Fire      100%       2x1d9     1%          1
f - Stone Arrow           Conj/Erth      100%       3d13      1%          3
g - Swiftness             Air            32%        N/A       4%          3

Your spell library contained the following spells:

 Spells                   Type           Power      Damage    Failure   Level
 Apportation              Tloc           64%        N/A       1%          1
 Kiss of Death            Conj/Necr      100%       2d13      1%          1
 Sandblast                Erth           100%       2d20      1%          1
 Shock                    Conj/Air       100%       1d9       1%          1
 Passwall                 Tmut/Erth      43%        N/A       1%          2
 Hailstorm                Conj/Ice       54%        3d12      1%          3
 Freeze                   Ice            100%       1d10      2%          1
 Slow                     Hex            100%       N/A       2%          1
 Cigotuvi's Dreadful Rot  Necr/Pois/Air  60%        N/A       2%          2
 Ensorcelled Hibernation  Hex/Ice        50%        N/A       3%          2
 Leda's Liquefaction      Hex/Erth       26%        N/A       3%          4
 Call Canine Familiar     Summ           32%        N/A       4%          3
 Portal Projectile        Hex/Tloc       58%        N/A       5%          3
 Confusing Touch          Hex            25%        N/A       7%          3
 Frozen Ramparts          Ice            50%        1d8       7%          3
 Ozocubu's Armour         Ice            25%        N/A       7%          3
 Dispel Undead            Necr           25%        3d12      22%         4
 Metabolic Englaciation   Hex/Ice        12%        N/A       52%         5
 Simulacrum               Ice/Necr       12%        N/A       98%         6


Dungeon Overview and Level Annotations

Branches:
Dungeon (12/15)            Temple (1/1) D:7            Lair (0/5) D:10
    Orc (0/2) D:9           Sewer (visited)          Bailey (visited)

Altars:
Ashenzari
Cheibriados
Dithmenos
Elyvilon
Fedhas
Gozag
Hepliaklqana
Kikubaaqudgha
Makhleb
Nemelex Xobeh
Okawaru
Qazlal
Ru
Sif Muna
Trog
Uskayaw
Vehumet
Wu Jian
Xom
Yredelemnul
Zin
The Shining One

Shops:
D:7 !

Annotations:
D:12 Nessos


Message History

The vampire mosquito draws strength from your injuries!
You close the door.
The vampire mosquito bites you!
* * * LOW HITPOINT WARNING * * *
The vampire mosquito draws strength from your injuries!
The vampire mosquito bites you but does no damage.
The vampire mosquito attacks as you move away!
The vampire mosquito bites you.
* * * LOW HITPOINT WARNING * * *
The vampire mosquito draws strength from your injuries!
A gargoyle opens the door.
The vampire mosquito bites you but does no damage.
A deep elf pyromancer comes into view. It is wielding a +0 long sword.
The deep elf pyromancer shouts!
The deep elf pyromancer mumbles some strange words.
The vampire mosquito misses you.
As you read the scroll labelled ZOC NURRIST, it crumbles to dust.
You feel strangely unstable.
It was a scroll of teleportation.
The vampire mosquito bites you!
* * * LOW HITPOINT WARNING * * *
The vampire mosquito draws strength from your injuries!
The deep elf pyromancer casts a spell.
The deep elf pyromancer blinks!
The vampire mosquito bites you.
* * * LOW HITPOINT WARNING * * *
The vampire mosquito draws strength from your injuries!
Casting: Stone Arrow (safe; 1% risk of failure)
Confirm with . or Enter, or press ? or * to list all spells.
You don't have enough magic to cast this spell.
You feel much better. The vampire mosquito misses you.
The gargoyle hurls a stone arrow at you.
The stone arrow hits you!
* * * LOW HITPOINT WARNING * * *
Unknown command.
The vampire mosquito attacks as you move away!
The vampire mosquito bites you but does no damage.
The gargoyle attacks as you move away! The gargoyle hits you with a +0 mace!
* * * LOW HITPOINT WARNING * * *
The vampire mosquito barely misses you.
The orc priest invokes the aid of Beogh against you.
Beogh smites you!
You die...

.....######......#
..........#......#
.......>..'.o....#
..........#......# #
........#......# #.
......#......# ..
####....#.)....#
.###'###..##'###......#
.......°○○E@y9Bo.......#
...#####.#######.......#
#..# #.# #....$..# #..#
#.# #......... #..# #.#
#..B...... #..# #.#
#c......$. #..# #.#
#......... ##..#####.#
#........ ##.........#


You could see a boulder beetle, a fire elemental (summoned), a vampire mosquito,
a gargoyle and an orc priest.

Vanquished Creatures
  Erolcha (D:11)
  A two-headed ogre (D:9)
  A boulder beetle (D:12)
  An ugly thing (D:11)
  2 cyclopes (D:12)
  Joseph (D:7)
  3 gargoyles
  A komodo dragon (D:11)
  3 unseen horrors
  A kobold demonologist (D:12)
  4 trolls
  2 vampires
  4 wraiths
  A wyvern (D:11)
  11 yaks
  Eustachio (D:4)
  6 vampire mosquitoes
  A steam dragon (D:9)
  An acid dragon (D:12)
  3 water moccasins
  7 orc warriors
  Pargi (Sewer)
  An ice beast (D:7)
  2 black bears
  A sky beast (D:6)
  4 ogres
  The ghost of Maxmaps the Poker, an amateur GnRe (D:3)
  2 wolves (D:10)
  8 centaurs
  2 phantoms
  4 kobold brigands
  2 bullfrogs
  6 gnoll sergeants
  A scorpion (D:6)
  12 wights
  4 electric eels (D:10)
  9 vampire bats (Bailey)
  7 howler monkeys
  8 wolf zombies (Bailey)
  13 hounds
  4 orc priests
  4 gnoll boudas
  A sleepcap (D:6)
  3 iguanas
  Ijyb (D:4)
  7 orc wizards
  24 gnolls
  6 adders
  A shadow imp (D:7)
  3 white imps
  An ufetubus (D:6)
  2 worms
  3 dart slugs
  28 orcs
  6 endoplasms
  6 giant cockroaches
  7 goblins
  7 hobgoblins
  2 jackals (Sewer)
  12 ball pythons
  6 bats
  3 frilled lizards
  10 kobolds
  22 orc zombies (Bailey)
  10 rats
323 creatures vanquished.

Vanquished Creatures (others)
  13 foxfires
13 creatures vanquished.

Grand Total: 336 creatures vanquished

Notes
Turn   | Place    | Note
-------+----------+-------------------------------------------
     0 | D:1      | pokeman the Deep Elf Hedge Wizard began the quest for the
                  | Orb.
     0 | D:1      | Reached XP level 1. HP: 10/10 MP: 7/7
   250 | D:1      | Found a faded altar of an unknown god.
   390 | D:1      | Reached XP level 2. HP: 11/16 MP: 4/9
   848 | D:2      | Reached skill level 5 in Spellcasting
   848 | D:2      | Reached XP level 3. HP: 18/20 MP: 7/11
   869 | D:2      | Learned a level 3 spell: Mephitic Cloud
   872 | D:2      | Learned a level 2 spell: Call Imp
   875 | D:2      | Learned a level 2 spell: Blink
  1477 | D:2      | Reached skill level 1 in Fighting
  1477 | D:2      | Reached skill level 1 in Armour
  1843 | D:3      | Reached XP level 4. HP: 25/25 MP: 10/13
  1968 | D:3      | Found a runed translucent gate.
  1969 | D:3      | Found a runed translucent gate.
  1970 | D:3      | Found a runed translucent gate.
  1972 | D:3      | Noticed Maxmaps's ghost (amateur GnRe)
  2123 | D:3      | Found a glowing drain.
  2127 | Sewer    | Entered a sewer
  2195 | Sewer    | Noticed Pargi
  2207 | Sewer    | Killed Pargi
  2208 | Sewer    | Reached skill level 6 in Spellcasting
  2208 | Sewer    | Reached XP level 5. HP: 24/29 MP: 10/15
  2229 | Sewer    | Found the +2 hat of the Bear Spirit {Spirit, Bear, *Rage
                  | Will++}
  2453 | D:3      | Found an iron altar of Okawaru.
  2465 | D:3      | Found a hazy altar of Hepliaklqana.
  2467 | D:3      | Found a snail-covered altar of Cheibriados.
  2467 | D:3      | Found an ancient bone altar of Kikubaaqudgha.
  2468 | D:3      | Found a glowing golden altar of the Shining One.
  2469 | D:3      | Found a broken altar of Ashenzari.
  2470 | D:3      | Found a hide-covered altar of Uskayaw.
  2471 | D:3      | Found a shimmering altar of Xom.
  2584 | D:3      | Identified the +9 long sword of World's End {freeze, rPois
                  | Will- Str+2 SInv}
  3092 | D:4      | Reached skill level 1 in Air Magic
  3092 | D:4      | Reached skill level 1 in Poison Magic
  3092 | D:4      | Reached XP level 6. HP: 34/34 MP: 14/17
  3107 | D:4      | Reached skill level 7 in Spellcasting
  3224 | D:4      | Learned a level 3 spell: Stone Arrow
  3325 | D:4      | Noticed Ijyb
  3330 | D:4      | Killed Ijyb
  3444 | D:4      | Noticed Eustachio
  3453 | D:4      | Killed Eustachio
  3454 | D:4      | Reached skill level 8 in Spellcasting
  3454 | D:4      | Reached skill level 1 in Earth Magic
  3454 | D:4      | Reached XP level 7. HP: 38/38 MP: 17/20
  3754 | D:5      | Entered Level 5 of the Dungeon
  4110 | D:5      | Reached skill level 9 in Spellcasting
  4110 | D:5      | Reached XP level 8. HP: 44/44 MP: 17/23
  4559 | D:6      | Reached skill level 5 in Conjurations
  4628 | D:6      | Reached skill level 10 in Spellcasting
  5255 | D:7      | Found a staircase to the Ecumenical Temple.
  5266 | Temple   | Entered the Ecumenical Temple
  5642 | D:7      | Reached XP level 9. HP: 48/48 MP: 19/25
  5679 | D:7      | Reached skill level 11 in Spellcasting
  5679 | D:7      | Reached skill level 1 in Evocations
  5905 | D:7      | Reached skill level 5 in Earth Magic
  6021 | D:7      | Noticed Joseph
  6027 | D:7      | Killed Joseph
  6028 | D:7      | Reached skill level 12 in Spellcasting
  6053 | D:7      | Found Niraytz's Distillery.
  6063 | D:7      | Bought a potion of heal wounds for 75 gold pieces
  6063 | D:7      | Bought a potion of curing for 45 gold pieces
  6294 | D:8      | Learned a level 3 spell: Swiftness
  6660 | D:8      | Found a shimmering blue altar of Sif Muna.
  6668 | D:8      | Got Sif Muna's Secrets of Transportation
  6670 | D:8      | Got Sif Muna's Opusculum on Pyromancy
  6673 | D:8      | Got Sif Muna's Codex of the Squall
  6676 | D:8      | Learned a level 1 spell: Foxfire
  6747 | D:8      | Reached XP level 10. HP: 50/56 MP: 10/28
  7287 | D:3      | Killed Maxmaps's ghost
  7472 | D:9      | Reached skill level 13 in Spellcasting
  7498 | D:9      | Noticed a two-headed ogre
  7612 | D:9      | Found a flagged portal.
  7649 | Bailey   | Entered a bailey
  8053 | Bailey   | Noticed a gargoyle
  8057 | Bailey   | Killed a gargoyle
  8083 | Bailey   | Identified the +0 ring mail of Okymeugi {Rampage Int+2
                  | Slay-2}
  8133 | Bailey   | Reached skill level 14 in Spellcasting
  8390 | D:9      | Killed a two-headed ogre
  8391 | D:9      | Reached skill level 5 in Fighting
  8395 | D:9      | Reached XP level 11. HP: 54/63 MP: 4/31
  8695 | D:9      | Found a radiant altar of Vehumet.
  8701 | D:9      | Found a glowing silver altar of Zin.
  8726 | D:9      | Became a worshipper of Vehumet
  8846 | D:9      | Found a staircase to the Orcish Mines.
  8928 | D:10     | Entered Level 10 of the Dungeon
  8971 | D:10     | Found a staircase to the Lair.
  8989 | D:10     | Reached skill level 15 in Spellcasting
 10154 | D:11     | Reached * piety under Vehumet
 10205 | D:11     | Noticed Erolcha
 10209 | D:11     | Killed Erolcha
 10715 | D:11     | Noticed a cyan ugly thing
 10721 | D:11     | Killed a cyan ugly thing
 10722 | D:11     | Reached skill level 16 in Spellcasting
 10977 | D:12     | Noticed a boulder beetle
 10987 | D:12     | Killed a boulder beetle
 11033 | D:12     | Reached XP level 12. HP: 34/70 MP: 7/34
 11368 | D:12     | Noticed Nessos
 11372 | D:12     | Noticed a boulder beetle
 11379 | D:12     | HP: 2/70 [vampire mosquito (8)]
 11381 | D:12     | Killed from afar by an orc priest

Illustrated notes

Levels and vault maps discovered:
D:1:      matt_arrival_spirals, layout_rooms,
          shapermc_ecumenical_altar_flowoftime
D:2:      layout_basic, minmay_3d_cube
D:3:      layout_loops_ring, minitemple, gup_sewer_entry_bowl,
          ebering_ghost_rock_garden
D:4:      layout_basic, uniq_ijyb, uniq_eustachio
D:5:      layout_cave_pools
D:6:      layout_layer_cave
D:7:      layout_cave_pools, minmay_temple_entry_junction_2, serial_gnoll_camp,
          gnoll_camp_mini_doghouse, gnoll_camp_mini_shop,
          gnoll_camp_mini_loothouse, gnoll_camp_mini_house, gnoll_camp_mini_hut,
          uniq_joseph
D:8:      layout_loops_corners, nicolae_sif_muna_little_library
D:9:      layout_cave_pools, mainiacjoe_overflow_catwalk_spiral,
          kennysheep_orc_monster_closet_entryway, enter_bailey_3
D:10:     layout_basic, erik_lair_island
D:11:     layout_irregular_city, hangedman_abyss_or_decor_lesser_grid,
          chequers_arboretum, corexii_hall_statues_t, dreamdust_gnoll_shepherd,
          uniq_erolcha
D:12:     minmay_four_partial_circles, layout_irregular_city, uniq_nessos
Temple:   minmay_temple_curvy_loop

Skill      XL: |  1  2  3  4  5  6  7  8  9 10 11 |
---------------+----------------------------------+-----
Spellcasting   | 5 6 8 9 10 12 14 16 | 16.5
Fighting       | 1 2 3 5 6 |  6.0
Armour         | 1 3 4 |  4.7
Conjurations   | 2 3 4 5 7 8 9 |  9.7
Dodging        | 3 |  3.1
Stealth        | 3 |  3.2
Air Magic      | 1 |  1.0
Poison Magic   | 1 |  1.0
Earth Magic    | 1 2 4 6 7 8 |  8.9
Evocations     | 1 |  1.0
Summonings     | |  1.1
Translocations | |  1.1

Action                     |  1- 3 |  4- 6 |  7- 9 | 10-12 || total
---------------------------+-------+-------+-------+-------++-------
  Melee: Dagger            |    31 |    11 |       |       ||    42
         Long sword        |       |    27 |    37 |   145 ||   209
         Punch             |       |       |     1 |     1 ||     2
   Cast: Magic Dart        |   138 |    93 |    20 |     3 ||   254
         Mephitic Cloud    |       |     3 |     2 |    11 ||    16
         Call Imp          |       |     1 |       |       ||     1
         Stone Arrow       |       |       |   119 |   200 ||   319
         Foxfire           |       |       |     6 |     1 ||     7
  Evoke: Wand              |       |       |     1 |       ||     1
    Use: Scroll            |       |       |       |     1 ||     1
         Potion            |       |       |       |     1 ||     1
   Stab: Confused          |       |     3 |     1 |     2 ||     6
         Sleeping          |       |     2 |       |       ||     2
 Armour: Robe              |     7 |    11 |       |       ||    18
         Leather armour    |       |       |    35 |   160 ||   195
  Dodge: Dodged            |    22 |    49 |    62 |   227 ||   360

Table legend: (Time is in decaauts)
 A = Elapsed time spent in this place.
 B = Non-inter-level travel time spent in this place.
 C = Inter-level travel time spent in this place.
 D = Time resting spent in this place.
 E = Time spent auto-exploring this place.
 F = Levels seen in this place.
 G = Mean time per level.
                   A        B        C        D        E       F      G
               +--------+--------+--------+--------+--------+-----+--------+
         Total |  11598 |  11034 |    564 |    332 |   8338 |  15 |  773.2 |
       Dungeon |  10550 |  10013 |    537 |    270 |   7765 |  12 |  879.2 |
        Temple |    231 |    204 |     27 |      0 |    200 |   1 |  231.0 |
         Sewer |    178 |    178 |      0 |      0 |    111 |   1 |  178.0 |
        Bailey |    637 |    637 |      0 |     62 |    262 |   1 |  637.0 |
               +--------+--------+--------+--------+--------+-----+--------+

Top non-repeatable levels by time:
     D:4: 1048 daAuts
     D:2: 1037 daAuts
     D:6: 1025 daAuts
    D:11: 1006 daAuts
     D:3: 970 daAuts
    D:10: 967 daAuts
     D:8: 938 daAuts
     D:9: 897 daAuts
     D:7: 823 daAuts
     D:1: 800 daAuts
  Bailey: 637 daAuts
     D:5: 546 daAuts
    D:12: 488 daAuts
  Temple: 231 daAuts
   Sewer: 178 daAuts
